 Dungeon Crawl Stone Soup version 0.31.0-2-g5a2aebc5c2 (webtiles) character file.

Game seed: 10052834030489272482

235 Arctor the Shooter (level 6, -6/36 HPs)
             Began as a Kobold Hexslinger on Jan 20, 2024.
             Mangled by a gnoll
             ... wielding a +0 flail
              (9 damage)
             ... on level 4 of the Dungeon.
             The game lasted 00:02:28 (2919 turns).

Arctor the Shooter (Kobold Hexslinger)              Turns: 2919, Time: 00:02:29

Health: -6/36      AC:  2    Str:  2 (5)  XL:     6   Next: 27%
Magic:  10/10      EV: 16    Int: 14 (15) God:
Gold:   210        SH:  0    Dex: 17 (19) Spells: 8/10 levels left

rFire   . . .        o - +0 dagger (venom)
rCold   . . .        (no shield)
rNeg    . . .        c - +0 robe
rPois   .            (no helmet)
rElec   .            (no cloak)
rCorr   .            (no gloves)
SInv    .            (no boots)
Will    .....        (no amulet)
Stlth   +++          (no ring)
HPRegen 0.26/turn    (no ring)
MPRegen 0.12/turn

%: no passive effects
@: attractive, hasted, very quick
A: small, no large weapons, nightstalker 3
a: no special abilities


You were on level 4 of the Dungeon.
You visited 1 branch of the dungeon, and saw 4 of its levels.

You collected 210 gold pieces.

Inventory:

Hand Weapons
 a - a +1 sling
 m - a +2 antimagic dagger
 o - a +0 dagger of venom (weapon)
Armour
 c - a +0 robe (worn)
Jewellery
 q - a ring of fire
 s - a ring of protection from cold
Scrolls
 b - a scroll of poison
 f - a scroll of teleportation
 j - a scroll of enchant weapon {unknown}
 k - 2 scrolls of vulnerability
 l - 3 scrolls of amnesia
 n - a scroll of blinking {unknown}
 p - 2 scrolls of immolation
Potions
 d - a potion of degeneration
 h - a potion of attraction
 i - a potion of might {unknown}


   Skills:
 + Level 2.7 Fighting
 + Level 4.2 Ranged Weapons
 + Level 3.8 Dodging
 + Level 2.7 Spellcasting
 + Level 3.9 Hexes
 - Level 1.4 Fire Magic


You had 8 spell levels left.
You knew the following spells:

 Your Spells              Type           Power      Damage    Failure   Level
a - Jinxbite              Hex            24%        N/A       7%          2

Your spell library contained the following spells:

 Spells                   Type           Power      Damage    Failure   Level
 Sigil of Binding         Hex            12%        N/A       13%         3
 Scorch                   Fire           12%        2d5       19%         2
 Inner Flame              Hex/Fire       9%         N/A       22%         3
 Static Discharge         Conj/Air       2%         3-4/arc   32%         2
 Cause Fear               Hex            6%         N/A       41%         4
 Dimensional Bullseye     Hex/Tloc       3%         N/A       69%         4
 Flame Wave               Conj/Fire      3%         2d5       86%         4
 Airstrike                Air            0%         2d(1-17)  91%         4
 Passage of Golubria      Tloc           1%         N/A       91%         4
 Summon Lightning Spire   Summ/Air       1%         N/A       91%         4
 Silence                  Hex/Air        3%         N/A       95%         5
 Summon Cactus Giant      Summ           0%         N/A       100%        6
 Lehudib's Crystal Spear  Conj/Erth      0%         10d2      100%        8


Dungeon Overview and Level Annotations

Branches:
Dungeon (4/15)
 Temple: D:4-7

Altars:
Vehumet


Innate Abilities, Weirdness & Mutations

You are small and have problems with some larger weapons.
You are completely attuned to the shadows.


Message History

The gnoll attacks as it pursues you! The gnoll hits you with a +0 flail.
* * * LOW HITPOINT WARNING * * *
The gnoll attacks as it pursues you! The gnoll hits you with a +0 war axe.
* * * LOW HITPOINT WARNING * * *
Okay, then.
The gnoll attacks as it pursues you! The gnoll completely misses you.
It was a potion of degeneration.
There was something very wrong with that liquid.
You feel weakened.
You feel dopey.
You feel clumsy.
It was a potion of curing.
You feel better. The gnoll hits you with a +0 war axe.
The gnoll hits you with a +0 flail.
A kobold comes into view. It is wielding a +0 short sword.
You kill the gnoll!
The gnoll hits you with a +0 flail.
* * * LOW HITPOINT WARNING * * *
The gnoll attacks as it pursues you! The gnoll misses you.
The kobold shouts!
The kobold throws a stone.
The stone misses you. The kobold hits you but does no damage.
The gnoll attacks as it pursues you! The gnoll barely misses you.
The kobold closely misses you.
The kobold hits you with a +0 short sword.
* * * LOW HITPOINT WARNING * * *
The gnoll attacks as it pursues you! The gnoll barely misses you.
You closely miss the gnoll. You punch the gnoll.
The gnoll is lightly wounded.
The gnoll closely misses you.
You hit the gnoll.
The gnoll is poisoned.
The gnoll is moderately wounded.
The gnoll hits you with a +0 flail!
* * * LOW HITPOINT WARNING * * *
It was a potion of haste.
You feel yourself speed up. The gnoll closely misses you.
It was a potion of attraction.
You feel attractive to monsters. The kobold is attracted toward you.
You hit the gnoll.
The gnoll is severely wounded.
The gnoll hits you with a +0 flail!
You die...

#.# #.# #.# #.# #.#
#.#### #....# ####.#
####@# #...# #§Kg.#
#...# ####.#### ....#
###.....#
#..####......)#######
#..##.#.#.###.......#
#.......#.# #######.#
#...).....# #####.#
...#.###########.....#


You could see a gnoll (very poisoned) and a kobold.

Vanquished Creatures
  A hound (D:4)
  A bombardier beetle (D:3)
  Natasha (twice) (D:2)
  2 gnolls (D:4)
  2 adders
  A dart slug (D:1)
  A ribbon worm (D:4)
  10 orcs
  4 ball pythons
  A bat (D:3)
  7 endoplasms
  6 giant cockroaches
  7 goblins
  4 hobgoblins
  8 jackals
  A quokka (D:1)
  2 frilled lizards (D:1)
  8 kobolds
68 creatures vanquished.

Notes
Turn   | Place    | Note
-------+----------+-------------------------------------------
     0 | D:1      | Arctor the Kobold Hexslinger began the quest for the Orb.
     0 | D:1      | Reached XP level 1. HP: 12/12 MP: 2/2
   108 | D:1      | Reached XP level 2. HP: 11/16 MP: 3/3
   336 | D:1      | Reached skill level 3 in Ranged Weapons
   393 | D:1      | Reached XP level 3. HP: 20/20 MP: 5/5
   419 | D:1      | Learned a level 2 spell: Jinxbite
   779 | D:2      | Noticed Natasha
   784 | D:2      | Killed Natasha
   785 | D:2      | Reached XP level 4. HP: 18/26 MP: 6/6
  1081 | D:2      | Found a faded altar of an unknown god.
  1181 | D:2      | Noticed Natasha
  1189 | D:2      | Killed Natasha
  1190 | D:2      | Reached XP level 5. HP: 10/30 MP: 4/8
  2524 | D:4      | Reached skill level 4 in Ranged Weapons
  2681 | D:4      | Found a radiant altar of Vehumet.
  2823 | D:4      | Reached XP level 6. HP: 22/36 MP: 9/9
  2919 | D:4      | Mangled by a gnoll

Illustrated notes

Levels and vault maps discovered:
D:1:      lemuel_arrival_cross, layout_loops_ring
D:2:      layout_loops_ring, ebering_ecumenical_altar_rust, uniq_natasha
D:3:      cheibrodos_old_hovel, layout_loops_ring
D:4:      layout_basic, nicolae_vehumet_altar_sigil

Skill      XL: |  1  2  3  4  5 |
---------------+----------------+-----
Ranged Weapons | 3 4 |  4.2
Dodging        | 3 |  3.8
Fighting       | 2 |  2.7
Spellcasting   | 2 |  2.7
Hexes          | |  3.9
Fire Magic     | |  1.4

Action                     |  1- 3 |  4- 6 || total
---------------------------+-------+-------++-------
  Melee: Dagger            |       |   115 ||   115
         Punch             |       |     3 ||     3
   Fire: Sling             |    65 |    29 ||    94
   Cast: Jinxbite          |       |     1 ||     1
    Use: Scroll            |       |     7 ||     7
         Potion            |       |     4 ||     4
   Stab: Sleeping          |       |    10 ||    10
         Distracted        |       |     1 ||     1
 Armour: Robe              |    10 |    47 ||    57
  Dodge: Dodged            |    23 |    94 ||   117
